Map: Shrines of Lizul

Players

Radeus

  • Race: Zerg Zerg
  • League: Gold

Gracz

  • Race: Zerg Zerg
  • League: Bronze

Tyranosaurus

  • Race: Zerg Zerg
  • League: Gold

KanonMeow

  • Race: Zerg Zerg

VOD

Have the link to the VOD?

Description

Time

  • Played on: Sept. 16, 2016, 4:32 p.m.
  • Length: 10:25
Show
View Real Time Build Order
Export as new Build Order

Radeus Zerg 

Build Orders: Hatch First 

Get SALT Encoding   

  12  0:02  Drone  
  13  0:18  Overlord  
  13  0:22  Drone  
  14  0:44  Drone x3  
  17  0:58  Hatchery  
  17  1:01  Drone  
  17  1:06  Drone  
  18  1:11  Extractor  
  17  1:28  Spawning Pool  
  16  1:39  Drone x2  
  19  1:40  Drone  
  19  2:13  Drone  
  19  2:14  Zergling x2  
  19  2:15  Zergling x4  
  23  2:16  Metabolic Boost  
  23  2:17  Queen  
  23  2:18  Queen  
  27  2:23  Overlord  
  27  2:38  Drone  
  27  2:39  Overlord  
  28  2:49  Zergling x4  
  28  2:50  Zergling x2  
  31  3:09  Zergling x8  
  31  3:33  Zergling x12  
  31  3:34  Zergling x2  
  38  3:38  Drone x3  
  38  3:40  Queen  
  42  4:00  Queen  
  44  4:08  Overlord  
  44  4:12  Overlord  
  44  4:24  Extractor  
  44  4:25  Drone  
  44  4:26  Evolution Chamber, Overlord  
  44  4:27  Overlord  
  44  4:28  Evolution Chamber  
  44  4:29  Drone  
  43  4:36  Queen  
  45  4:41  Drone x3  
  48  4:48  Drone x3  
  51  4:56  Baneling Nest  
  48  5:13  Zerg Melee Weapons Level 1  
  44  5:14  Zerg Ground Armor Level 1  
  44  5:26  Drone x4  
  44  5:27  Drone  
  49  5:29  Extractor  
  49  5:30  Lair  
  48  5:43  Baneling x3  
  48  5:44  Baneling  
  48  5:45  Baneling  
  48  5:47  Baneling  
  48  5:50  Drone x3  
  51  6:06  Zergling x6  
  51  6:07  Zergling x12  
  60  6:11  Baneling x4  
  60  6:12  Baneling x3  
  60  6:22  Zergling x10  
  65  6:27  Zergling x2  
  65  6:54  Centrifical Hooks  
  64  6:55  Drone  
  64  6:56  Drone  
  57  7:14  Zergling x8  
  57  7:15  Zergling x8  
  59  7:27  Zerg Ground Armor Level 2, Zerg Melee Weapons Level 2  
  55  7:33  Zergling x6, Drone  
  55  7:34  Zergling x6  
  62  7:44  Overseer  
  60  7:59  Baneling x6  
  60  8:00  Baneling  
  60  8:02  Zergling x10  
  60  8:03  Zergling x6  
  66  8:14  Zergling x4  
  57  8:29  Zergling x4  
  55  8:37  Zergling x4  
  49  8:52  Zergling x8  
  52  9:00  Zergling x4  
  52  9:04  Overlord x2  
  49  9:12  Spire  
  49  9:14  Zergling x2  
  49  9:15  Zergling x8  
  50  9:22  Baneling x6  
  50  9:23  Baneling  
  49  9:27  Spore Crawler  
  49  9:28  Spore Crawler  
  49  9:29  Spore Crawler  
  45  9:32  Spore Crawler  
  42  9:59  Zergling x12  
  48  10:00  Zergling x6  
Show
View Real Time Build Order
Export as new Build Order

Gracz Zerg 

Build Orders: Pool First 

Get SALT Encoding   

  12  0:04  Drone  
  13  0:15  Drone  
  14  0:41  Spawning Pool  
  14  0:42  Extractor, Drone  
  13  0:43  Drone  
  13  0:44  Overlord  
  14  1:03  Drone  
  15  1:46  Hatchery  
  14  1:53  Zergling x2  
  14  1:54  Zergling x4, Queen  
  19  2:25  Drone x2  
  21  2:36  Drone  
  22  2:39  Overlord  
  20  3:30  Queen  
  21  3:47  Queen  
  23  3:57  Drone  
  23  3:58  Drone x5  
  29  4:05  Queen  
  29  4:09  Roach Warren  
  30  4:14  Evolution Chamber  
  29  4:17  Drone x2  
  29  4:22  Evolution Chamber  
  30  4:25  Extractor, Drone  
  30  4:26  Drone  
  31  5:16  Roach x2  
  31  5:17  Overlord x2  
  35  5:54  Roach x2  
  35  5:55  Roach x4, Overlord x3  
  35  5:56  Overlord x2  
  47  5:59  Lair, Hatchery  
  47  6:04  Drone x2  
  48  7:02  Roach x3  
  48  7:03  Roach x8  
  62  7:51  Spire  
  62  7:57  Nydus Network  
  12  9:07  Roach, Mutalisk  
  12  9:08  Mutalisk x4  
  3  9:49  Drone x2  
  3  9:50  Drone x2  
Show
View Real Time Build Order
Export as new Build Order

Tyranosaurus Zerg 

Build Orders: Pool First 

Get SALT Encoding   

  12  0:01  Drone  
  13  0:09  Drone  
  14  0:19  Overlord  
  14  0:37  Spawning Pool  
  14  0:38  Drone  
  14  0:48  Drone  
  14  0:49  Drone  
  16  0:52  Drone  
  17  1:00  Extractor  
  17  1:02  Drone  
  17  1:12  Drone  
  18  1:33  Zergling x4  
  20  1:50  Hatchery  
  20  1:53  Zergling x2, Queen  
  22  2:02  Overlord  
  22  2:22  Extractor  
  21  2:33  Metabolic Boost  
  21  2:47  Roach Warren  
  20  2:53  Drone x3  
  23  3:09  Drone x4  
  27  3:16  Drone x2  
  28  3:27  Drone x2  
  29  3:43  Drone x2  
  29  3:46  Spine Crawler  
  29  3:49  Spine Crawler  
  29  3:50  Zergling x4  
  30  4:11  Queen  
  30  4:12  Drone x4  
  30  4:15  Hatchery  
  30  4:17  Drone  
  36  4:19  Overlord  
  36  4:41  Drone  
  36  4:42  Drone x4  
  41  4:50  Drone x2  
  43  5:00  Zergling x2  
  44  5:24  Overlord x3  
  44  5:38  Spine Crawler  
  44  5:40  Spine Crawler  
  44  5:42  Roach  
  44  5:43  Roach x9  
  44  5:49  Queen  
  62  5:51  Drone x2  
  67  5:57  Zergling x4  
  67  5:58  Drone  
  67  5:59  Drone x2  
  71  6:10  Roach  
  73  6:12  Overlord x2  
  73  6:13  Overlord  
  73  6:16  Ravager  
  74  6:41  Ravager x2  
  74  6:42  Ravager x6  
  74  6:43  Ravager x2  
  79  6:57  Overlord  
  79  7:14  Zergling x2  
  79  7:15  Zergling x26  
  93  7:32  Zergling x16  
  101  7:39  Overlord  
  101  7:40  Overlord x2  
  101  7:48  Overlord x2  
  74  8:31  Zergling x20  
  74  8:45  Zergling x2  
  74  8:46  Zergling x6  
  60  8:57  Zergling x2  
  60  8:58  Zergling x4  
  62  9:05  Roach  
  57  9:20  Roach x8  
  71  9:28  Extractor  
  71  9:30  Extractor  
  69  9:31  Extractor  
  69  9:33  Drone x4  
  69  9:34  Roach x2, Drone  
  68  9:58  Roach x14  
Show
View Real Time Build Order
Export as new Build Order

KanonMeow Zerg 

Build Orders: Pool First 

Get SALT Encoding   

  12  0:02  Drone  
  13  0:10  Drone  
  14  0:19  Extractor, Drone  
  15  0:24  Overlord  
  15  0:42  Spawning Pool  
  14  0:48  Drone x2  
  16  1:02  Extractor  
  15  1:28  Zergling x2  
  15  1:29  Zergling x4  
  18  1:50  Hatchery  
  17  1:56  Queen, Extractor  
  17  1:59  Zergling x4  
  20  2:05  Metabolic Boost  
  20  2:18  Drone x2  
  22  2:24  Overlord  
  22  2:41  Overlord  
  22  2:56  Zergling x2  
  22  2:57  Zergling x2  
  20  3:18  Zergling x6  
  22  3:28  Drone x3  
  23  4:05  Spine Crawler  
  23  4:06  Spine Crawler  
  21  4:10  Drone  
  21  4:11  Drone x2  
  21  4:13  Queen  
  21  4:14  Extractor  
  25  4:19  Extractor, Drone x2  
  25  4:20  Drone x4  
  30  4:34  Drone  
  31  4:42  Overlord x2  
  31  4:51  Lair  
  31  5:19  Drone x3  
  34  5:39  Drone  
  35  6:08  Spire  
  34  6:35  Hatchery  
  33  7:07  Zergling x2  
  33  7:08  Zergling x18  
  29  7:19  Mutalisk  
  29  7:21  Mutalisk x3  
  29  7:22  Mutalisk  
  29  7:35  Drone  
  29  7:36  Drone  
  31  7:43  Mutalisk  
  31  7:44  Mutalisk x4  
  33  7:47  Queen  
  33  7:48  Drone  
  36  8:16  Mutalisk x2  
  36  8:19  Drone  
  37  9:26  Mutalisk x3, Zergling x2  
  37  9:28  Drone  
  45  9:53  Mutalisk  
Tags
 
Add a new tag
Caveats
  • Supply blocks, unpowered buildings, or Contaminate may cause inaccurate times.
  • Supply counts are checked every 10 seconds.